 Dungeon Crawl Stone Soup version 0.23-a0-487-gc6253629db (webtiles) character file.

79 MirrMurr the Poker (level 4, -4/34 HPs)
             Began as a Demonspawn Gladiator on Dec 1, 2018.
             Killed by nerve-wracking pain
             ... invoked by an orc priest
              (11 damage)
             ... on level 2 of the Dungeon.
             The game lasted 00:03:32 (1741 turns).

MirrMurr the Poker (Demonspawn Gladiator)           Turns: 1741, Time: 00:03:32

Health: -4/34      AC:  9    Str: 16    XL:     4   Next: 17%
Magic:  4/4        EV: 13    Int:  9    God:
Gold:   73         SH:  0    Dex: 14    Spells: 3/3 levels left

rFire    . . .     SeeInvis .   a - +0 trident
rCold    . . .     Gourm    .   (no shield)
rNeg     . . .     Faith    .   b - +0 leather armour
rPois    .         Spirit   .   h - +2 helmet
rElec    .         Reflect  .   k - +0 cloak
rCorr    .         Harm     .   (no gloves)
MR       .....                  (no boots)
Stlth    +.........             (no amulet)
HPRegen  0.11/turn              (no ring)
MPRegen  0.09/turn              (no ring)

@: no status effects
A: molten scales 1
a: no special abilities


You were on level 2 of the Dungeon.
You were not hungry.

You visited 1 branch of the dungeon, and saw 3 of its levels.

You collected 73 gold pieces.

Inventory:

Hand Weapons
 a - a +0 trident (weapon)
Missiles
 c - 71 stones
 d - 3 throwing nets (quivered)
 l - 16 poisoned needles
Armour
 b - a +0 leather armour (worn)
 h - a +2 helmet (worn)
 k - a +0 cloak (worn)
Scrolls
 e - a scroll of blinking {unknown}
 m - a scroll of remove curse
Potions
 i - a potion of flight {unknown}
 j - a potion of agility {unknown}
Comestibles
 f - 3 rations


   Skills:
 + Level 2.6 Fighting
 * Level 3.5 Polearms
 - Level 1.7 Throwing
 + Level 1.3 Armour
 + Level 3.1 Dodging


You had 3 spell levels left.
You didn't know any spells.
Your spell library was empty.

Dungeon Overview and Level Annotations

Branches:
Dungeon (3/15)

Altars:
Ashenzari


Innate Abilities, Weirdness & Mutations

You are partially covered in molten scales. (AC +2)


Message History

The orc priest hits you with a +0 war axe.
You closely miss the orc priest.
The orc priest is moderately wounded.
The orc priest invokes the aid of Beogh against you.
Pain shoots through your body!
* * * LOW HITPOINT WARNING * * *
You are too injured to fight recklessly!
You are too injured to fight recklessly!
You are too injured to fight recklessly!
You are too injured to fight recklessly!
You are too injured to fight recklessly!
You closely miss the orc priest.
The orc priest is moderately wounded.
The orc priest hits you but does no damage.
Okay, then.
You closely miss the orc priest.
The orc priest is moderately wounded.
The orc priest mumbles some strange prayers to Beogh against you.
Pain shoots through your body!
You die...

#.# #.# #..# ##### #.## #.#
#..# *##>##* #..###.###..#
*8...8# ##...#.##...#
**.....#*
###........#######*8.....8*
####....##.....###.....##
#...##.......##8...8#
##.........o.##.....##
#........@..#8.....8* ##
#..#........#*.....#* .#
##..#........#*8...8# .#
#...#........#*##_##*
(######..###.......#######
...<.....##.........##..#*
#######..#.............##
#....................##
####.##...#..........P♣P.##


You could see an orc priest.

Vanquished Creatures
  2 adders (D:2)
  An ooze (D:1)
  3 worms (D:2)
  3 dart slugs
  2 leopard geckos (D:2)
  2 giant cockroaches (D:1)
  6 hobgoblins
  3 jackals (D:1)
  2 bats
  5 frilled lizards
  5 goblins
  7 kobolds
  2 rats
43 creatures vanquished.

Notes
Turn   | Place    | Note
-------+----------+-------------------------------------------
     0 | D:1      | MirrMurr the Demonspawn Gladiator began the quest for the
                  | Orb.
     0 | D:1      | Reached XP level 1. HP: 16/16 MP: 1/1
   160 | D:1      | Gained mutation: You are partially covered in molten
                  | scales. (AC +2) [demonic ancestry]
   160 | D:1      | Reached XP level 2. HP: 16/22 MP: 2/2
   622 | D:1      | Reached XP level 3. HP: 28/28 MP: 3/3
   829 | D:2      | Reached skill level 1 in Armour
  1211 | D:2      | Reached XP level 4. HP: 21/34 MP: 4/4
  1419 | D:2      | Found a shattered altar of Ashenzari.
  1741 | D:2      | Killed from afar by an orc priest

Vault maps used:
D:1:      mrwooster_arrival_arrow
D:2:      cheibrodos_helix_gallery, nicolae_overflow_hidden_temple,
          serial_forest, infiniplex_forest_lined_room_2,
          infiniplex_forest_clump_large, infiniplex_forest_straight_3,
          infiniplex_forest_lined_2, infiniplex_forest_straight_2,
          infiniplex_forest_end_1, infiniplex_forest_clump_curved,
          infiniplex_forest_lined_room_3, serial_park_tiny_1
D:3:      grunt_gozag_statues, first_ration, uniq_sigmund, uniq_terence,
          uniq_ijyb

Skill      XL: |  1  2  3 |
---------------+----------+-----
Polearms       | 3 |  3.5
Dodging        | 3 |  3.1
Armour         | 1 |  1.3
Fighting       | |  2.6
Throwing       | |  1.7

Action                   |  1- 3 |  4- 6 || total
-------------------------+-------+-------++-------
Melee: Trident           |   159 |    21 ||   180
  Use: Scroll            |     5 |       ||     5
 Stab: Sleeping          |     1 |       ||     1
  Eat: Chunk             |     1 |     2 ||     3
Armor: Leather armour    |    48 |     7 ||    55
Dodge: Dodged            |    76 |     9 ||    85

Table legend:
 A = Non-vault XP
 B = Vault XP
 C = Vault XP percentage of total XP
 D = Non-vault monster count
 E = Vault monster count
 F = Vault count percentage of total count
                 A         B        C        D         E       F
            +---------+---------+-------+---------+---------+-------
      Total |     111 |       3 |   2.6 |      41 |       2 |   4.7
            +---------+---------+-------+---------+---------+-------
        D:1 |      43 |       0 |   0.0 |      23 |       0 |   0.0
        D:2 |      68 |       3 |   4.2 |      18 |       2 |  10.0
            +---------+---------+-------+---------+---------+-------
